 Dungeon Crawl Stone Soup version 0.23-a0-629-gae4348f6cf (webtiles) character file.

2695 Multipenetrator the Spear-Bearer (level 9, -16/76 HPs)
             Began as a Merfolk Fighter on Dec 25, 2018.
             Was an Initiate of Ru.
             Demolished by Menkaure (20 damage)
             ... on level 6 of the Dungeon on Dec 26, 2018.
             The game lasted 00:35:15 (8231 turns).

Multipenetrator the Spear-Bearer (Merfolk Fighter)  Turns: 8231, Time: 00:35:18

Health: -16/76     AC:  7    Str: 19    XL:     9   Next: 65%
Magic:  9/9        EV: 11    Int:  7    God:    Ru [......]
Gold:   304        SH:  4    Dex: 14    Spells: 8/8 levels left

rFire    + . .     SeeInvis .   F - +0 scythe
rCold    x . .     Gourm    .   (shield currently unavailable)
rNeg     . . .     Faith    .   u - +0 scale mail (curse)
rPois    .         Spirit   .   (no helmet)
rElec    .         Reflect  +   (no cloak)
rCorr    .         Harm     .   (no gloves)
MR       .....                  (no boots)
Stlth    ..........             z - +4 amulet of reflection
HPRegen  0.22/turn              A - ring of fire
MPRegen  0.11/turn              (no ring)

@: drained
A: change form in water, swift swim, stealthy swim
a: Sacrifice Nimbleness, Sacrifice Purity, Sacrifice Skill, Reject Sacrifices,
Renounce Religion


You were on level 6 of the Dungeon.
You worshipped Ru.
Ru was noncommittal.
You were hungry.

You visited 2 branches of the dungeon, and saw 7 of its levels.
You also visited: Ossuary.

You collected 304 gold pieces.

Inventory:

Hand Weapons
 a - a +0 trident
 B - a +2 dagger of electrocution
 E - a +2 whip of electrocution
 F - a +0 scythe (weapon)
Armour
 b - a +0 scale mail
 c - a +0 shield
 j - a +0 plate armour
 u - a cursed +0 scale mail (worn)
Jewellery
 z - a +4 amulet of reflection (around neck)
 A - a ring of fire (left hand)
Wands
 g - a wand of digging (5)
 r - a wand of polymorph (3)
Scrolls
 e - 2 scrolls of enchant armour {unknown}
 l - 3 scrolls of remove curse {unknown}
 m - 8 scrolls of teleportation
 n - a scroll of amnesia
 q - 4 scrolls of identify
 v - a scroll of noise {unknown}
 x - 2 scrolls of fog
 y - 3 scrolls of fear
 C - a scroll of blinking {unknown}
Potions
 d - 2 potions of might
 h - a potion of heal wounds
 i - a potion of flight {unknown}
 k - a potion of invisibility
 o - a potion of mutation {unknown}
 p - 3 potions of cancellation
 s - 4 potions of curing
 t - a potion of berserk rage {unknown}
 w - 2 potions of brilliance {unknown}
 D - a potion of lignification {unknown}
Comestibles
 f - 7 rations


   Skills:
 * Level 9.0(8.3) Fighting
 + Level 11.7(11.0) Polearms
 + Level 4.7(4.2) Armour
 + Level 3.7(3.1) Dodging
 - Level 3.2(2.7) Shields


You had 8 spell levels left.
You didn't know any spells.
Your spell library was empty.

Dungeon Overview and Level Annotations

Branches:
Dungeon (6/15)             Temple (1/1) D:5

Altars:
Ashenzari
Elyvilon
Fedhas
Gozag
Hepliaklqana
Kikubaaqudgha
Makhleb
Okawaru
Ru
Trog
Vehumet
Wu Jian
Xom
Yredelemnul
Zin

Annotations:
D:4 Duvessa
D:6 Menkaure


Message History

Menkaure hits you.
You barely miss Menkaure.
Menkaure shouts, "The curse of the Pharaohs be upon you!"
Menkaure hits you!!
* * * LOW HITPOINT WARNING * * *
Menkaure barely misses you.
You hit Menkaure but do no damage. You block Menkaure's attack.
Menkaure hits you!
* * * LOW HITPOINT WARNING * * *
The orc priest invokes the aid of Beogh against you.
Beogh smites you!
* * * LOW HITPOINT WARNING * * *
You are too injured to fight recklessly!
You hit Menkaure but do no damage. Menkaure hits you.
* * * LOW HITPOINT WARNING * * *
The orc priest calls down the wrath of Beogh upon you.
Beogh smites you!
* * * LOW HITPOINT WARNING * * *
Menkaure hits you!!
You die...

###.<##### #..# #..#
###).# . #....# ### #..
#....# ..## .... #....###
#..#..### #......#
####........
#.....#.#######.mMo.......
......#.##......##.......)
..(...#.##.#######........
._........<# ##........
.......##..# .#?....$..
....#.. ...# ..........
##.###.###.# ##...M......
.. #. #..###o.......... #
#. ##....[.......


You could see Menkaure and an orc priest.

Vanquished Creatures
  Pikel (D:5)
  Sigmund (D:3)
  Eustachio (D:5)
  2 sky beasts (D:5)
  A phantom (D:6)
  An ogre (D:5)
  Blork the orc (D:5)
  8 scorpions
  Dowan (D:4)
  2 centaur zombies (Ossuary)
  3 crimson imps
  5 human zombies (Ossuary)
  A jelly (D:5)
  2 orc priests
  6 orc wizards
  3 hounds
  Natasha (thrice) (D:4)
  2 iguanas (D:5)
  2 worker ants
  3 mummies (Ossuary)
  A gnoll (D:5)
  3 adders
  A howler monkey skeleton (D:4)
  5 scorpion zombies (Ossuary)
  An ooze (D:4)
  4 worms
  A dart slug (D:1)
  3 leopard geckos
  22 orcs
  7 bats
  5 giant cockroaches
  A gnoll zombie (Ossuary)
  10 goblins
  6 hobgoblins
  3 jackals (D:5)
  2 quokkas
  A ball python (D:4)
  8 frilled lizards
  2 goblin zombies (Ossuary)
  A hobgoblin zombie (Ossuary)
  10 kobolds
  2 kobold zombies (Ossuary)
  A leopard gecko zombie (D:5)
  3 rats (D:1)
152 creatures vanquished.

Vanquished Creatures (others)
  3 slaves (D:6)
  An orc priest (D:6)
  3 orcs (D:6)
7 creatures vanquished.

Grand Total: 159 creatures vanquished

Notes
Turn   | Place    | Note
-------+----------+-------------------------------------------
     0 | D:1      | Multipenetrator the Merfolk Fighter began the quest for the
                  | Orb.
     0 | D:1      | Reached XP level 1. HP: 18/18 MP: 1/1
    68 | D:1      | Reached XP level 2. HP: 19/24 MP: 2/2
   443 | D:1      | Reached XP level 3. HP: 28/30 MP: 3/3
  1187 | D:2      | Reached skill level 4 in Polearms
  1201 | D:2      | Found a white marble altar of Elyvilon.
  1718 | D:2      | Reached XP level 4. HP: 37/37 MP: 4/4
  1916 | D:3      | Noticed Sigmund
  2160 | D:4      | Found a bloodstained altar of Trog.
  2179 | D:4      | Reached skill level 5 in Polearms
  2179 | D:4      | Reached skill level 1 in Dodging
  2179 | D:4      | Reached XP level 5. HP: 24/43 MP: 5/5
  2458 | D:4      | Found a sand-covered staircase.
  2469 | Ossuary  | Entered an ossuary
  2510 | Ossuary  | Reached skill level 6 in Polearms
  2785 | Ossuary  | Reached XP level 6. HP: 29/50 MP: 6/6
  2820 | Ossuary  | Reached skill level 5 in Fighting
  3328 | Ossuary  | Reached skill level 7 in Polearms
  3491 | Ossuary  | Reached XP level 7. HP: 38/56 MP: 7/7
  3726 | Ossuary  | Reached skill level 8 in Polearms
  4169 | D:4      | Noticed Natasha
  4175 | D:4      | Killed Natasha
  4212 | D:4      | Noticed Duvessa
  4212 | D:4      | Noticed Dowan
  4215 | D:5      | Entered Level 5 of the Dungeon
  4249 | D:5      | Reached skill level 9 in Polearms
  4249 | D:5      | Reached XP level 8. HP: 49/65 MP: 8/8
  5106 | D:5      | Noticed Blork the orc
  5116 | D:5      | Killed Blork the orc
  5301 | D:5      | Found a staircase to the Ecumenical Temple.
  5310 | Temple   | Entered the Ecumenical Temple
  5354 | Temple   | Became a worshipper of Ru the Awakened
  5539 | D:5      | Found an iron altar of Okawaru.
  5602 | D:5      | Noticed Eustachio
  5646 | D:5      | Killed Eustachio
  5646 | D:5      | Reached skill level 10 in Polearms
  6114 | D:4      | Found a burning altar of Makhleb.
  6220 | D:4      | Noticed Natasha
  6241 | D:4      | Killed Dowan
  6241 | D:4      | Reached XP level 9. HP: 71/74 MP: 9/9
  6246 | D:4      | Killed Natasha
  6368 | D:3      | Found a radiant altar of Vehumet.
  6403 | D:3      | Found a shattered altar of Ashenzari.
  6563 | D:3      | Killed Sigmund
  6718 | D:4      | Noticed Natasha
  6722 | D:4      | Killed Natasha
  6738 | D:6      | Noticed Menkaure
  7523 | D:6      | Reached skill level 11 in Polearms
  7550 | D:6      | Noticed Pikel
  7576 | D:5      | Killed Pikel
  8200 | D:6      | Found a burning altar of Makhleb.
  8231 | D:6      | Demolished by Menkaure

Vault maps used:
D:1:      erik_arrival_cave_to_civilisation, minmay_tromino_i2
D:2:      lemuel_doored_altar
D:3:      nicolae_overflow_hidden_temple, old_standard_altar, uniq_sigmund
D:4:      makhleb_blood_cavern_becter, nicolae_ossuary_entry_ruins, bloody_trog,
          uniq_duvessa, uniq_natasha
D:5:      okawaru_altar_gauntlet_db, lemuel_temple_firewalk_b, first_ration,
          minmay_misc_feat_secret_circle, uniq_eustachio, uniq_blork_the_orc
D:6:      cheibrodos_worm_habitat, basic_altar, grunt_tough_drop, uniq_menkaure,
          uniq_pikel
Temple:   jpeg_temple_island
Ossuary:  ossuary_minmay_scorpions

Skill      XL: |  1  2  3  4  5  6  7  8  9 |
---------------+----------------------------+-----
Polearms       | 4 5 6 7 9 10 11 | 11.7
Fighting       | 4 5 6 7 9 |  9.0
Dodging        | 1 2 3 |  3.7
Armour         | 3 4 |  4.7
Shields        | |  3.2

Action                   |  1- 3 |  4- 6 |  7- 9 || total
-------------------------+-------+-------+-------++-------
Melee: Trident           |   212 |   254 |   390 ||   856
       Scythe            |       |       |    87 ||    87
Evoke: Wand              |       |     3 |       ||     3
  Use: Scroll            |       |     3 |     5 ||     8
       Potion            |       |       |     4 ||     4
  Eat: Chunk             |     2 |     3 |     9 ||    14
       Ration            |       |     1 |     2 ||     3
Armor: Scale mail        |    38 |    60 |    98 ||   196
       Plate armour      |    67 |       |       ||    67
Dodge: Dodged            |    28 |    60 |   124 ||   212
Block: Shield            |    99 |    83 |   127 ||   309
       Other             |       |       |    11 ||    11

Table legend:
 A = Non-vault XP
 B = Vault XP
 C = Vault XP percentage of total XP
 D = Non-vault monster count
 E = Vault monster count
 F = Vault count percentage of total count
                 A         B        C        D         E       F
            +---------+---------+-------+---------+---------+-------
      Total |    1569 |    2282 |  59.3 |     107 |      45 |  29.6
            +---------+---------+-------+---------+---------+-------
        D:1 |      39 |       6 |  13.3 |      24 |       4 |  14.3
        D:2 |      50 |       0 |   0.0 |      18 |       0 |   0.0
        D:3 |      13 |     223 |  94.5 |       6 |       1 |  14.3
        D:4 |     335 |     141 |  29.6 |      22 |       3 |  12.0
        D:5 |     891 |     978 |  52.3 |      26 |       9 |  25.7
        D:6 |     241 |       0 |   0.0 |      11 |       0 |   0.0
    Ossuary |       0 |     934 | 100.0 |       0 |      28 | 100.0
            +---------+---------+-------+---------+---------+-------
